Map: Submarine LE

Players

Null

  • Race: Zerg Zerg
  • League: Diamond
  • Spawn Location: 11:00

ecksdee - Winner!

  • Race: Protoss Protoss
  • League: Diamond
  • Spawn Location: 5:00

VOD

Have the link to the VOD?

Description

Time

  • Played on: Feb. 1, 2021, 8:10 p.m.
  • Length: 6:14
Show
View Real Time Build Order
Export as new Build Order

Null Zerg 

Build Orders: Hatch First 

Get SALT Encoding   

  12  0:00  Drone  
  13  0:13  Overlord  
  13  0:21  Drone  
  14  0:33  Drone x2  
  16  0:49  Hatchery  
  15  0:52  Drone  
  15  0:56  Extractor  
  15  1:03  Drone  
  15  1:04  Drone  
  17  1:07  Drone  
  18  1:20  Spawning Pool  
  17  1:25  Drone  
  18  1:35  Drone  
  19  1:48  Hatchery  
  19  1:53  Drone  
  19  2:02  Drone  
  19  2:06  Queen  
  22  2:08  Drone  
  23  2:19  Zergling x2  
  23  2:20  Zergling x4  
  23  2:22  Drone x2  
  28  2:36  Metabolic Boost  
  28  2:46  Overlord  
  28  2:58  Overlord  
  28  2:59  Queen  
  28  3:04  Drone x5  
  28  3:05  Drone  
  36  3:21  Queen  
  36  3:24  Drone x7  
  45  3:33  Drone x3  
  48  3:41  Extractor  
  48  3:42  Spore Crawler  
  46  3:50  Drone  
  46  4:01  Drone  
  47  4:05  Drone  
  47  4:06  Spore Crawler, Overlord x2, Drone x2  
  49  4:11  Drone  
  49  4:12  Overlord  
  49  4:16  Overlord  
  50  4:25  Drone x6  
  50  4:26  Overlord  
  56  4:42  Drone  
  56  4:43  Roach Warren, Zergling x14  
  63  4:47  Drone  
  63  4:51  Lair  
  64  4:54  Extractor, Drone  
  64  4:55  Zergling x2, Drone x3  
  68  5:03  Overlord  
  68  5:25  Zergling x24  
  71  5:36  Roach x2  
  75  5:46  Roach  
  74  5:50  Roach  
  74  5:53  Spine Crawler  
  74  5:55  Spine Crawler x2  
Show
View Real Time Build Order
Export as new Build Order

ecksdee Protoss - Winner!

Build Orders: 1 Gate Expand 

Get SALT Encoding   

  12  0:01  Probe  
  13  0:13  Probe  
  14  0:19  Pylon  
  14  0:25  Probe  
  15  0:37  Probe (Chrono Boost)  
  15  0:39  Gateway  
  16  0:48  Assimilator  
  16  0:49  Probe (Chrono Boost)  
  17  0:54  Probe (Chrono Boost)  
  18  1:04  Probe  
  19  1:16  Probe  
  20  1:26  Nexus  
  20  1:36  Cybernetics Core  
  20  1:38  Probe  
  21  1:44  Assimilator  
  21  1:50  Probe  
  21  1:53  Pylon  
  22  2:02  Probe  
  23  2:10  Adept (Chrono Boost)  
  23  2:14  Probe, Warp Gate  
  26  2:26  Probe  
  26  2:29  Robotics Facility  
  27  2:38  Probe  
  27  2:39  Probe  
  29  2:44  Twilight Council  
  29  2:51  Probe  
  30  2:52  Probe  
  30  2:54  Zealot  
  33  3:03  Probe  
  33  3:04  Probe  
  35  3:10  Immortal (Chrono Boost)  
  35  3:19  Charge (Chrono Boost)  
  39  3:40  Probe  
  40  3:46  Immortal (Chrono Boost)  
  44  3:48  Gateway  
  42  3:57  Gateway  
  42  3:58  Gateway  
  42  4:00  Gateway  
  42  4:01  Gateway  
  42  4:11  Gateway  
  42  4:15  Warp Prism (Chrono Boost)  
  44  4:28  Gateway, Zealot  
  46  4:32  Pylon  
  46  4:34  Pylon  
  46  4:52  Zealot  
  48  4:56  Zealot x5  
  58  5:07  Pylon  
  58  5:09  Zealot  
  58  5:12  Zealot  
  62  5:33  Zealot  
  62  5:34  Zealot x3  
  70  5:39  Pylon  
  70  5:42  Pylon  
  70  6:03  Zealot x8  
Tags
 
Add a new tag
Caveats
  • Supply blocks, unpowered buildings, or Contaminate may cause inaccurate times.
  • Supply counts are checked every 10 seconds.